 Dungeon Crawl Stone Soup version 0.24.0-1-gfbc8707 (webtiles) character file.

Game seed: 9261103620155876149, levelgen mode: deterministic

443 Buxparty the Fighter (level 7, -1/62 HPs)
             Began as a Gnoll Wanderer on Jan 9, 2020.
             Slain by an orc priest
             ... wielding a cursed -1 falchion
              (4 damage)
             ... on level 4 of the Dungeon.
             The game lasted 00:13:10 (3490 turns).

Buxparty the Fighter (Gnoll Wanderer)               Turns: 3490, Time: 00:13:10

Health: -1/62      AC:  3    Str: 17    XL:     7   Next: 2%
Magic:  8/14       EV: 20    Int: 14    God:
Gold:   210        SH:  0    Dex: 23    Spells: 15/15 levels left

rFire    + . .     SeeInvis .   a - +2 falchion
rCold    + . .     Gourm    .   (no shield)
rNeg     . . .     Faith    .   c - +0 robe
rPois    +         Spirit   .   (no helmet)
rElec    +         Reflect  .   (no cloak)
rCorr    +         Harm     .   m - +0 pair of gloves
MR       .....                  (no boots)
Stlth    +++++.....             (no amulet)
HPRegen  0.20/turn              B - ring of stealth
MPRegen  0.14/turn              y - +4 ring of dexterity

@: agile, resistant, heavily drained
A: distributed training, fangs 1, strong nose
a: no special abilities


You were on level 4 of the Dungeon.
You were hungry.

You visited 2 branches of the dungeon, and saw 5 of its levels.

You collected 210 gold pieces.

Inventory:

Hand Weapons
 a - a +2 falchion (weapon)
 d - a +0 dagger
 A - a +2 long sword of holy wrath
Missiles
 e - 13 poisoned darts (quivered)
 k - 48 bolts
 q - 43 arrows
 w - 24 sling bullets
Armour
 c - a +0 robe (worn)
 m - a +0 pair of gloves (worn)
Jewellery
 h - an uncursed ring of resist corrosion
 y - a +4 ring of dexterity (right hand)
 B - a ring of stealth (left hand)
Wands
 x - a wand of flame (18)
Scrolls
 b - 5 scrolls of teleportation
 g - a scroll of fog {unknown}
 i - 2 scrolls of fear {unknown}
 l - a scroll of enchant weapon {unknown}
 p - 2 scrolls of enchant armour {unknown}
 s - a scroll of noise {unknown}
 t - a scroll of amnesia {unknown}
 u - a scroll of random uselessness {unknown}
 v - 2 scrolls of remove curse {unknown}
Potions
 j - a potion of experience
 o - a potion of heal wounds {unknown}
 r - a potion of curing {unknown}
 z - a potion of resistance
Comestibles
 f - 3 rations


   Skills:
 + Level 8.2(6.8) Fighting
 + Level 4.7(3.5) Short Blades
 + Level 6.7(5.4) Long Blades
 + Level 4.7(3.5) Axes
 + Level 4.7(3.5) Maces & Flails
 + Level 4.7(3.5) Polearms
 + Level 4.7(3.5) Staves
 + Level 4.7(3.5) Slings
 + Level 4.7(3.5) Bows
 + Level 4.7(3.5) Crossbows
 + Level 5.4(4.2) Throwing
 + Level 4.7(3.5) Armour
 + Level 5.4(4.2) Dodging
 + Level 6.4(5.1) Stealth
 + Level 4.7(3.5) Shields
 + Level 4.7(3.5) Unarmed Combat
 + Level 4.7(3.5) Spellcasting
 + Level 3.9(2.7) Conjurations
 + Level 3.9(2.7) Hexes
 + Level 3.9(2.7) Charms
 + Level 3.9(2.7) Summonings
 + Level 3.9(2.7) Necromancy
 + Level 3.9(2.7) Translocations
 + Level 3.9(2.7) Transmutations
 + Level 3.9(2.7) Fire Magic
 + Level 3.9(2.7) Ice Magic
 + Level 3.9(2.7) Air Magic
 + Level 3.9(2.7) Earth Magic
 + Level 3.9(2.7) Poison Magic
 + Level 5.2(4.0) Invocations
 + Level 5.4(4.2) Evocations


You had 15 spell levels left.
You didn't know any spells.
Your spell library was empty.

Dungeon Overview and Level Annotations

Branches:
Dungeon (4/15)             Temple (1/1) D:4

Altars:
Ashenzari
Dithmenos
Elyvilon
Hepliaklqana
Okawaru
Qazlal
Ru
Sif Muna
Trog
Uskayaw
Vehumet
Yredelemnul
Zin
The Shining One

Annotations:
D:4 Edmund


Innate Abilities, Weirdness & Mutations

Your experience applies equally to all skills.
You have very sharp teeth.
Your uncanny sense of smell can sniff out nearby items.


Message History

Your base Fire Magic skill gained 2 levels and is now at level 3!
Your base Ice Magic skill gained 2 levels and is now at level 3!
Your base Air Magic skill gained 2 levels and is now at level 3!
Your base Earth Magic skill gained 2 levels and is now at level 3!
Your base Poison Magic skill gained 2 levels and is now at level 3!
Your base Invocations skill gained 4 levels and is now at level 5!
Your base Evocations skill gained 2 levels and is now at level 5!
You have reached level 7!
You feel less confused.
The orc priest mumbles some strange prayers to Beogh against you.
Pain shoots through your body!
* * * LOW HITPOINT WARNING * * *
Unknown command.
It was a potion of resistance.
You feel protected.
The orc priest looks satisfied for a moment.
It was a potion of agility.
You feel agile all of a sudden.
The orc priest hits you with a cursed -1 falchion.
You die...

#.....##..........##...#
#..>..#######.#..........
#.....##..†...........####
#8...8#######[#########
###'### #.# ##.## #.#
##≈§≈##### #.# ...o..
##§.≈≈≈##.####.#### ......
#§§≈.≈≈##....@....# ........
#§§≈≈.###.####o##.# .........
##≈≈§.###..# #o##.# ......♣..♣
#≈≈...##..###o##.#........ ♣.
###....##...##.##.#........♣♣.
#.................#.......♣..♣
#............#.####...........
#......[...#.#.### ...........
#......[.........# #..........


You could see an orc priest, an orc wizard and an orc.

Vanquished Creatures
  A hound (D:4)
  Jessica (D:3)
  4 adders
  An ooze (D:2)
  4 worms
  6 leopard geckos
  11 orcs (D:4)
  2 ball pythons
  3 giant cockroaches (D:3)
  10 goblins
  8 hobgoblins
  12 jackals
  8 kobolds
  11 bats
  6 frilled lizards
  15 rats
103 creatures vanquished.

Vanquished Creatures (others)
  A plant (D:2)
1 creature vanquished.

Grand Total: 104 creatures vanquished

Notes
Turn   | Place    | Note
-------+----------+-------------------------------------------
     0 | D:1      | Buxparty the Gnoll Wanderer began the quest for the Orb.
     0 | D:1      | Buxparty set off with the following items: a +2 falchion, 2
                  | scrolls of teleportation, a +0 robe, a +0 dagger, a ration
     0 | D:1      | Reached XP level 1. HP: 23/23 MP: 2/2
   130 | D:1      | Reached XP level 2. HP: 27/29 MP: 3/3
   428 | D:1      | Reached XP level 3. HP: 25/35 MP: 4/4
   808 | D:2      | Reached skill level 1 in Invocations
   870 | D:2      | Found a stormy altar of Qazlal.
  1112 | D:2      | Reached skill level 1 in Short Blades
  1112 | D:2      | Reached skill level 1 in Axes
  1112 | D:2      | Reached skill level 1 in Maces & Flails
  1112 | D:2      | Reached skill level 1 in Polearms
  1112 | D:2      | Reached skill level 1 in Staves
  1112 | D:2      | Reached skill level 1 in Slings
  1112 | D:2      | Reached skill level 1 in Bows
  1112 | D:2      | Reached skill level 1 in Crossbows
  1112 | D:2      | Reached skill level 1 in Armour
  1112 | D:2      | Reached skill level 1 in Shields
  1112 | D:2      | Reached skill level 1 in Unarmed Combat
  1112 | D:2      | Reached skill level 1 in Spellcasting
  1112 | D:2      | Reached XP level 4. HP: 21/41 MP: 4/6
  1315 | D:2      | Found a shadowy altar of Dithmenos.
  1476 | D:2      | Found a shattered altar of Ashenzari.
  1653 | D:2      | Found a shimmering blue altar of Sif Muna.
  2111 | D:3      | Reached skill level 1 in Conjurations
  2111 | D:3      | Reached skill level 1 in Hexes
  2111 | D:3      | Reached skill level 1 in Charms
  2111 | D:3      | Reached skill level 1 in Summonings
  2111 | D:3      | Reached skill level 1 in Necromancy
  2111 | D:3      | Reached skill level 1 in Translocations
  2111 | D:3      | Reached skill level 1 in Transmutations
  2111 | D:3      | Reached skill level 1 in Fire Magic
  2111 | D:3      | Reached skill level 1 in Ice Magic
  2111 | D:3      | Reached skill level 1 in Air Magic
  2111 | D:3      | Reached skill level 1 in Earth Magic
  2111 | D:3      | Reached skill level 1 in Poison Magic
  2336 | D:3      | Noticed Jessica
  2339 | D:3      | Killed Jessica
  2339 | D:3      | Reached XP level 5. HP: 47/47 MP: 7/7
  2715 | D:3      | Found a basalt altar of Yredelemnul.
  2815 | D:3      | Noticed a moth of wrath
  2818 | D:3      | Found a bloodstained altar of Trog.
  3062 | D:4      | Noticed Edmund
  3167 | D:4      | Found a staircase to the Ecumenical Temple.
  3211 | Temple   | Entered the Ecumenical Temple
  3419 | D:4      | Reached XP level 6. HP: 53/53 MP: 8/8
  3487 | D:4      | Reached skill level 8 in Fighting
  3487 | D:4      | Reached skill level 5 in Throwing
  3487 | D:4      | Reached skill level 5 in Dodging
  3487 | D:4      | Reached skill level 5 in Invocations
  3487 | D:4      | Reached skill level 5 in Evocations
  3487 | D:4      | Reached XP level 7. HP: 16/62 MP: 8/14
  3488 | D:4      | HP: 3/62 [orc priest/nerve-wracking pain (13)]
  3490 | D:4      | Slain by an orc priest

Levels and vault maps discovered:
D:1:      nicolae_arrival_memento_mori, layout_loops_ring
D:2:      layout_loops_ring, nicolae_overflow_hidden_temple,
          grunt_qazlal_clouds, grunt_dithmenos_smoke, overflow_temple_1_default,
          serial_forest, infiniplex_forest_straight_3,
          infiniplex_forest_lined_3_way, infiniplex_forest_straight_3,
          infiniplex_forest_straight_2, infiniplex_forest_join,
          infiniplex_forest_pool, infiniplex_forest_lined_room_2,
          infiniplex_forest_clump_small, infiniplex_forest_clump_cross,
          infiniplex_forest_clump_medium, minmay_tetromino_o4
D:3:      layout_loops_ring, yredelemnul_altar_generic, tgw_trog, uniq_jessica
D:4:      kennysheep_big_flooded_room, layout_basic, lemuel_doored_altar,
          minmay_temple_entry_fiery, uniq_robin, uniq_edmund
Temple:   dpeg_three_leaves_temple

Skill      XL: |  1  2  3  4  5  6 |
---------------+-------------------+-----
Invocations    | 1 5 |  5.2
Short Blades   | 1 4 |  4.7
Axes           | 1 4 |  4.7
Maces & Flails | 1 4 |  4.7
Polearms       | 1 4 |  4.7
Staves         | 1 4 |  4.7
Slings         | 1 4 |  4.7
Bows           | 1 4 |  4.7
Crossbows      | 1 4 |  4.7
Armour         | 1 4 |  4.7
Shields        | 1 4 |  4.7
Unarmed Combat | 1 4 |  4.7
Spellcasting   | 1 4 |  4.7
Conjurations   | 1 3 |  3.9
Hexes          | 1 3 |  3.9
Charms         | 1 3 |  3.9
Summonings     | 1 3 |  3.9
Necromancy     | 1 3 |  3.9
Translocations | 1 3 |  3.9
Transmutations | 1 3 |  3.9
Fire Magic     | 1 3 |  3.9
Ice Magic      | 1 3 |  3.9
Air Magic      | 1 3 |  3.9
Earth Magic    | 1 3 |  3.9
Poison Magic   | 1 3 |  3.9
Throwing       | 3 5 |  5.4
Dodging        | 3 5 |  5.4
Evocations     | 3 5 |  5.4
Fighting       | 8 |  8.2
Long Blades    | 6 |  6.7
Stealth        | 6 |  6.4

Action                   |  1- 3 |  4- 6 |  7- 9 || total
-------------------------+-------+-------+-------++-------
Melee: Falchion          |    76 |   153 |       ||   229
       Bite              |     9 |    16 |       ||    25
       Punch             |     1 |       |       ||     1
Throw: Dart              |     4 |       |       ||     4
  Use: Potion            |       |     1 |     2 ||     3
 Stab: Sleeping          |    10 |    12 |       ||    22
  Eat: Ration            |     1 |     1 |       ||     2
       Chunk             |       |     1 |       ||     1
Armor: Robe              |     6 |    29 |       ||    35
Dodge: Dodged            |    51 |   107 |       ||   158
       Rpst.: Falchion   |    19 |    32 |       ||    51
